 Dungeon Crawl Stone Soup version 0.29.1-15-g9cfb28693d (webtiles) character file.

Game seed: 4565633290628018007

709 DemonSlayer the Digger (level 7, -4/48 HPs)
             Began as a Demonspawn Earth Elementalist on Feb 27, 2023.
             Was a Believer of Cheibriados.
             Slain by a water moccasin (5 damage)
             ... on level 6 of the Dungeon.
             The game lasted 00:07:41 (5180 turns).

DemonSlayer the Digger (DsEE)                       Turns: 5180, Time: 00:07:42

Health: -4/48      AC:  2    Str: 14    XL:     7   Next: 40%
Magic:  13/13      EV: 12    Int: 21    God:    Cheibriados [**....]
Gold:   300        SH:  4    Dex: 17    Spells: 1/14 levels left

rFire   . . .      SeeInvis +   l - +8 trident of the Octopus King {venom, rElec rPois}
rCold   . . .      Faith    .   x - +0 buckler
rNeg    . . .      Spirit   .   a - +0 robe
rPois   +          Reflect  .   (no helmet)
rElec   +          Harm     .   (no cloak)
rCorr   .          Rampage  .   (no gloves)
Will    .....                   (no boots)
Stlth   +++.......              (no amulet)
HPRegen 0.16/turn               q - ring of see invisible
MPRegen 0.13/turn               (no ring)

@: very slow
A: hooves 2, foul stench 1, powered by pain 1
a: Renounce Religion, Bend Time


You were on level 6 of the Dungeon.
You worshipped Cheibriados.
Cheibriados was pleased with you.
You visited 1 branch of the dungeon, and saw 6 of its levels.

You collected 300 gold pieces.

Inventory:

Hand Weapons
 l - the +8 trident of the Octopus King (weapon) {venom, rElec rPois}
   (You found it on level 2 of the Dungeon)

   It poisons the flesh of those it strikes.
   rElec:     It insulates you from electricity.
   rPois:     It protects you from poison.
Missiles
 u - a throwing net
Armour
 a - a +0 robe (worn)
 x - a +0 buckler (worn)
Jewellery
 q - a ring of see invisible (left hand)
Wands
 r - a wand of polymorph (8)
 t - a wand of flame (38)
 v - a wand of paralysis (10)
Scrolls
 f - a scroll of immolation
 g - 3 scrolls of teleportation {unknown}
 h - 2 scrolls of poison
 k - 2 scrolls of blinking {unknown}
 p - a scroll of vulnerability {unknown}
 s - a scroll of summoning
 w - a scroll of butterflies {unknown}
Potions
 b - 3 potions of curing
 c - a potion of attraction
 d - a potion of lignification
 e - a potion of degeneration {unknown}
 i - a potion of haste {unknown}
 j - a potion of invisibility
 m - 3 potions of heal wounds {unknown}
 n - a potion of resistance {unknown}
 o - a potion of ambrosia {unknown}


   Skills:
 + Level 1.5 Fighting
 + Level 0.1 Long Blades
 + Level 2.9 Polearms
 + Level 2.4 Dodging
 + Level 3.3 Stealth
 + Level 0.1 Shields
 + Level 4.3 Spellcasting
 + Level 0.8 Transmutations
 + Level 4.8 Earth Magic


You had one spell level left.
You knew the following spells:

 Your Spells              Type           Power      Damage    Failure   Level
a - Sandblast             Erth           48%        2d12      2%          1
b - Passwall              Tmut/Erth      13%        N/A       8%          2
c - Stone Arrow           Conj/Erth      28%        3d8       17%         3
d - Ignite Poison         Fire/Tmut/Pois 5%         N/A       38%         3
e - Petrify               Tmut/Erth      16%        N/A       43%         4

Your spell library contained the following spells:

 Spells                   Type           Power      Damage    Failure   Level
 Ice Form                 Ice/Tmut       6%         N/A       78%         4
 Hailstorm                Conj/Ice       4%         3d4       83%         4
 Agony                    Necr           4%         N/A       99%         5
 Fireball                 Conj/Fire      2%         3d4       99%         5
 Iskenderun's Battlesphe  Conj           4%         2d6       99%         5
 Conjure Ball Lightning   Conj/Air       2%         3x3d6     100%        6
 Eringya's Noxious Bog    Tmut/Pois      3%         N/A       100%        6
 Simulacrum               Ice/Necr       2%         N/A       100%        6
 Orb of Destruction       Conj           2%         9d5       100%        7


Dungeon Overview and Level Annotations

Branches:
Dungeon (6/15)             Temple (0/1) D:5

Altars:
Cheibriados
Fedhas
Sif Muna
Vehumet
Wu Jian
Xom
Yredelemnul

Annotations:
D:4 1 runed translucent door
D:5 1 transporter, PorkyPig's ghost, novice GrEE


Innate Abilities, Weirdness & Mutations

You have hoof-like feet.
You may rarely emit foul miasma when damaged in melee.
You sometimes gain a little power by taking damage.


Message History

You puncture the orc!
You kill the orc!
Cheibriados appreciates the change of pace.
You hear a shout!
You barely miss the orc. The orc barely misses you.
You puncture the orc!
You kill the orc!
Cheibriados appreciates the change of pace.
You hit the water moccasin.
The water moccasin is poisoned.
You kick the water moccasin, but do no damage.
The water moccasin is lightly wounded.
The water moccasin closely misses you. The water moccasin bites you.
* * * LOW HITPOINT WARNING * * *
The orc hits you but does no damage.
You completely miss the water moccasin. You kick the water moccasin.
The water moccasin is moderately wounded.
The water moccasin bites you.
* * * LOW HITPOINT WARNING * * *
The orc hits you but does no damage.
You hit the water moccasin but do no damage.
Your kick misses the water moccasin.
The water moccasin is heavily wounded.
The water moccasin barely misses you. The water moccasin misses you.
The orc hits you with a +0 club.
* * * LOW HITPOINT WARNING * * *
You emit a cloud of foul miasma!
You miss the water moccasin. Your kick misses the water moccasin.
The water moccasin is heavily wounded.
You block the water moccasin's attack.
The orc is engulfed in dark miasma.
The orc is poisoned.
You kill the orc!
Cheibriados thoroughly appreciates the change of pace.
Cheibriados raises the support of your attributes as your movement slows.
The water moccasin bites you.
* * * LOW HITPOINT WARNING * * *
Unknown command.
You miss the water moccasin.
The water moccasin is heavily wounded.
The water moccasin bites you.
You die...

...............
##....#......o.....
....##.......o.....
....#............. ...
............!. #..
#........## #.###
#.........#.
#☼#.###.#.........
#@S).............. ##
#.#....####......#
#.###.#....## #......#
..............####.....#
.............##.###.....
....##..........##>.....
...##............#..#...
#..#.........#.....##...
..................##


You could see a water moccasin (very poisoned).

Vanquished Creatures
  An ice beast (D:5)
  A phantom (D:5)
  A bullfrog (D:6)
  A scorpion (D:4)
  2 orc priests
  Jessica (D:3)
  An iguana (D:4)
  6 orc wizards
  4 adders
  A shadow imp (D:5)
  2 worms
  A dart slug (D:3)
  17 orcs
  5 bats
  5 endoplasms
  3 giant cockroaches
  12 goblins
  11 hobgoblins
  2 jackals (D:4)
  12 kobolds
  A quokka (D:3)
  6 ball pythons
  2 frilled lizards
  A jackal skeleton (D:4)
  3 rats
102 creatures vanquished.

Vanquished Creatures (others)
  2 plants (D:4)
2 creatures vanquished.

Grand Total: 104 creatures vanquished

Notes
Turn   | Place    | Note
-------+----------+-------------------------------------------
     0 | D:1      | DemonSlayer the Demonspawn Earth Elementalist began the
                  | quest for the Orb.
     0 | D:1      | Reached XP level 1. HP: 13/13 MP: 3/3
   235 | D:1      | Gained mutation: You may rarely emit foul miasma when
                  | damaged in melee. [demonic ancestry]
   235 | D:1      | Reached XP level 2. HP: 8/19 MP: 3/5
  1506 | D:2      | Gained mutation: You have large cloven feet. [demonic
                  | ancestry]
  1506 | D:2      | Reached XP level 3. HP: 22/24 MP: 1/6
  1526 | D:2      | Found the +8 trident of the Octopus King {venom, rElec
                  | rPois}
  1994 | D:2      | Learned a level 2 spell: Passwall
  1998 | D:2      | Learned a level 3 spell: Stone Arrow
  2031 | D:3      | Found a radiant altar of Vehumet.
  2040 | D:3      | Reached XP level 4. HP: 20/30 MP: 0/8
  2164 | D:3      | Noticed Jessica
  2180 | D:3      | Killed Jessica
  2181 | D:3      | Reached skill level 1 in Polearms
  2209 | D:3      | Identified the +3 trident of the Butterfly {pain, Int+2}
  2562 | D:3      | Found a snail-covered altar of Cheibriados.
  2566 | D:3      | Found a shimmering altar of Xom.
  2626 | D:3      | Became a worshipper of Cheibriados the Contemplative
  2695 | D:3      | Found a faded altar of an unknown god.
  2699 | D:3      | Found a blossoming altar of Fedhas.
  2834 | D:4      | Gained mutation: You sometimes gain a little power by
                  | taking damage. [demonic ancestry]
  2834 | D:4      | Reached XP level 5. HP: 36/36 MP: 6/9
  3129 | D:4      | Reached skill level 1 in Fighting
  3342 | D:4      | Found a runed translucent door.
  3342 | D:4      | Noticed a human
  3353 | D:4      | Found a basalt altar of Yredelemnul.
  3391 | D:4      | Reached XP level 6. HP: 39/43 MP: 6/11
  3697 | D:4      | Reached * piety under Cheibriados
  3921 | D:5      | Entered Level 5 of the Dungeon
  3931 | D:5      | Got the Parchment of Doomed Shaping
  4336 | D:5      | Found an ornate altar of the Wu Jian Council.
  4469 | D:5      | Noticed an ice beast
  4477 | D:5      | Killed an ice beast
  4478 | D:5      | Gained mutation: You have hoof-like feet. [demonic
                  | ancestry]
  4478 | D:5      | Reached XP level 7. HP: 12/48 MP: 6/13
  4733 | D:5      | Found a staircase to the Ecumenical Temple.
  4763 | D:5      | Found a transporter.
  4765 | D:5      | Noticed PorkyPig's ghost (novice GrEE)
  4952 | D:5      | Found a shimmering blue altar of Sif Muna.
  5088 | D:5      | Learned a level 3 spell: Ignite Poison
  5093 | D:5      | Learned a level 4 spell: Petrify
  5179 | D:6      | Reached ** piety under Cheibriados
  5179 | D:6      | HP: 1/48 [water moccasin (5)]
  5180 | D:6      | Slain by a water moccasin

Illustrated notes

Levels and vault maps discovered:
D:1:      dpeg_arrival_arbitrary_c, layout_loops_corners
D:2:      layout_rooms, kennysheep_generic_room_8
D:3:      layout_basic, nicolae_overflow_ecumenical_swirl, vehumet_crystals,
          minitemple, uniq_jessica
D:4:      corexii_shack_village, layout_basic, dk_yredelemnul_ordeal,
          nicolae_figureground_pulse
D:5:      layout_loops_ring, mainiacjoe_overflow_small_starburst,
          kennysheep_mini, minmay_temple_entry_crystal_x,
          gammafunk_ghost_mausoleum
D:6:      layout_cave_pools, ashenzari_altar_1, gup_sewer_entry_bowl,
          uniq_maggie

Skill      XL: |  1  2  3  4  5  6 |
---------------+-------------------+-----
Earth Magic    | 3 4 |  4.8
Dodging        | 2 |  2.4
Stealth        | 2 3 |  3.3
Polearms       | 1 2 |  2.9
Spellcasting   | 3 4 |  4.3
Fighting       | 1 |  1.5
Long Blades    | |  0.1
Shields        | |  0.1
Transmutations | |  0.8

Action                   |  1- 3 |  4- 6 |  7- 9 || total
-------------------------+-------+-------+-------++-------
Melee: Unarmed           |     2 |       |       ||     2
       Scimitar          |     6 |       |       ||     6
       Trident           |    14 |    59 |    14 ||    87
       Kick              |       |     6 |     2 ||     8
 Cast: Sandblast         |    42 |    56 |     4 ||   102
  Use: Potion            |     1 |       |       ||     1
       Scroll            |     5 |     1 |     2 ||     8
 Stab: Sleeping          |     3 |     9 |       ||    12
Armor: Robe              |     5 |     9 |     2 ||    16
Dodge: Dodged            |    24 |    39 |     6 ||    69
Block: Buckler           |       |     3 |     3 ||     6
